 Dungeon Crawl Stone Soup version 0.18.1-1-g2f07953 (webtiles) character file.

214899 CcS the Executioner (level 17, -1/170 HPs)
             Began as a Minotaur Berserker on May 7, 2016.
             Was a High Priest of Trog.
             Slain by a vault warden
             ... wielding a +1 long sword of slicing
              (9 damage)
             ... on level 4 of the Vaults.
             The game lasted 00:40:33 (24623 turns).

CcS the Executioner (Minotaur Berserker)           Turns: 24623, Time: 00:40:34

Health: -1/170     AC: 32    Str: 23    XL:     17   Next: 86%
Magic:  16/16      EV: 10    Int:  4    God:    Trog [*****.]
Gold:   1540       SH:  0    Dex: 16    Spells: 0 memorised, 16 levels left

rFire  + . .     SeeInvis .     N - +3 executioner's axe (flame)
rCold  + . .     Gourm    .     F - +3 plate armour {rF+}
rNeg   . . .     Faith    .     (shield currently unavailable)
rPois  .         Spirit   .     (helmet restricted)
rElec  .         Dismiss  .     E - +2 cloak
rCorr  .         Reflect  .     w - +2 pair of gloves
SustAt .         Harm     .     e - +2 pair of boots
MR     ++++.                    A - amulet of regeneration {+regen, !d}
Stlth  ..........               r - ring of protection from magic {MR+, !d}
                                G - ring of protection from cold {rC+, !d}

@: exhausted, regenerating, incredibly resistant to hostile enchantments,
extremely unstealthy
A: retaliatory headbutt, horns 2
a: Berserk, Trog's Hand, Brothers in Arms, Burn Spellbooks, Renounce Religion
}: 2/15 runes: decaying, gossamer


You were on level 4 of the Vaults.
You worshipped Trog.
Trog was extremely pleased with you.
You were hungry.

You visited 5 branches of the dungeon, and saw 33 of its levels.

You collected 1737 gold pieces.
You spent 197 gold pieces at shops.

Inventory:

Hand Weapons
 B - a +2 battleaxe
   (You took it off Maud on level 4 of the Lair of Beasts)
 N - a +3 executioner's axe of flaming (weapon)
   (Trog gifted it to you on level 6 of the Lair of Beasts)
Missiles
 P - 2 throwing nets {=f, !d}
Armour
 e - a +2 pair of boots (worn)
   (You found it on level 1 of the Dungeon)
 w - a +2 pair of gloves (worn)
   (You found it on level 9 of the Dungeon)
 E - a +2 cloak (worn)
   (You found it on level 8 of the Dungeon)
 F - a +3 plate armour of fire resistance (worn)
   (You took it off Maud on level 4 of the Lair of Beasts)
Jewellery
 a - an uncursed ring of sustain attributes
   (You found it on level 4 of the Lair of Beasts)
 k - an uncursed ring of protection from magic {MR+, !d}
   (You found it on level 10 of the Dungeon)
 p - an uncursed amulet of harm {unknown}
   (You found it on level 4 of the Spider Nest)
 r - a ring of protection from magic (right hand) {MR+, !d}
   (You found it on level 3 of the Lair of Beasts)
 A - an amulet of regeneration (around neck) {+regen, !d}
   (You found it on level 5 of the Lair of Beasts)
 G - a ring of protection from cold (left hand) {rC+, !d}
   (You found it on level 5 of the Lair of Beasts)
 U - a cursed ring of teleportation {unknown}
   (You found it on level 3 of the Vaults)
 V - a +2 ring of evasion {unknown}
   (You found it on level 3 of the Vaults)
Wands
 l - a wand of digging (4/24)
   (You found it on level 4 of the Spider Nest)
 m - a wand of disintegration (16/24)
   (You found it on level 4 of the Swamp)
 y - a wand of digging (15/24)
   (You found it on level 5 of the Dungeon)
 C - a wand of confusion (20/48)
   (You found it on level 1 of the Spider Nest)
 S - a wand of heal wounds (2/9)
   (You found it on level 3 of the Vaults)
Scrolls
 i - 5 scrolls of teleportation
 o - 4 scrolls of enchant armour
 x - 16 scrolls of remove curse
 M - 2 scrolls of identify
 R - 2 scrolls of fog
Potions
 b - 2 potions of berserk rage {unknown}
 c - a potion of heal wounds
 d - 4 potions of degeneration {!q}
 g - 2 potions of haste
 h - 3 potions of mutation {!q}
 j - 3 potions of resistance
 n - 4 potions of flight {unknown}
 q - a potion of beneficial mutation {unknown}
 s - 3 potions of lignification {!q}
 t - 3 potions of cure mutation {!q}
 v - a potion of cancellation {unknown}
 z - a potion of brilliance {unknown}
 D - 2 potions of ambrosia
 J - 2 potions of agility {unknown}
 O - a potion of curing
Books
 K - a book of Necromancy
   (You found it on level 12 of the Dungeon)
Miscellaneous
 I - a phial of floods
   (You found it on level 8 of the Dungeon)
 L - a legendary deck of war
   (You found it on level 12 of the Dungeon)
Comestibles
 f - 2 meat rations {@e2}
 u - 6 slices of pizza
 H - 2 fruits
 Q - 3 bread rations {@e1}
 T - 2 chunks of flesh {@w0}


   Skills:
 + Level 20.2 Fighting
 * Level 24.3 Axes
 + Level 17.1 Armour
 + Level 4.9 Dodging


You had 16 spell levels left.
You didn't know any spells.

Dungeon Overview and Level Annotations

Branches:
Dungeon (13/15)              Lair (8/8) D:10          Swamp (4/4) Lair:6
 Spider (4/4) Lair:6        Slime (0/6) Lair:7          Orc (0/2) D:10
 Vaults (4/5) D:13          Crypt (0/3) Vaults:3
 Temple: D:4-7

Altars:
Elyvilon
Kikubaaqudgha
Pakellas
Qazlal
Ru
Xom
Yredelemnul
Zin
Jiyva

Shops:
D:5 [::!?   D:7 *(   D:12 [


Innate Abilities, Weirdness & Mutations

You reflexively headbutt those who attack you in melee.
You have a pair of horns on your head.


Message History

Unknown command.
As you open the door, it creaks loudly!
A stone giant comes into view.
The stone giant shouts!
The stone giant throws a large rock.
The large rock hits you!
You take 16 damage, and have 154/170 hp.
A stone giant is nearby!
Unknown command.
A stone giant is nearby!
A stone giant is nearby!
A stone giant is nearby!
The stone giant throws a large rock.
The large rock closely misses you.
There is an open door here.
You see here a large rock {!d}.
An ironbrand convoker comes into view. It is wielding a great mace.
The ironbrand convoker begins to recite a word of recall!
The stone giant throws a large rock.
The large rock hits you but does no damage.
An ironbrand convoker comes into view. It is wielding a dire flail.
You see here a large rock {!d}.
The stone giant throws a large rock.
The large rock misses you.
An ironheart preserver comes into view. It is wielding a morningstar.
The stone giant throws a large rock.
The large rock hits you!!!
You see here a large rock {!d}.
You take 35 damage, and have 121/170 hp.
MASSIVE DAMAGE!!
Your skin crawls.
You feel resistant to hostile enchantments.
You are feeling hungry.
The vault warden is recalled.
The vault guard is recalled.
The stone giant is recalled.
The deep elf archer is recalled.
The deep elf mage is recalled. x2
A deep elf mage comes into view.
It is wielding a long sword of distortion.
The deep elf mage mumbles some strange words.
The deep elf mage blinks!
The stone giant throws a large rock.
The large rock hits you!!
The ironheart preserver mumbles some strange words.
The ironheart preserver begins to accept its allies' injuries. 2 elves, a stone giant, a vault guard and a vault warden come into view.
You take 26 damage, and have 95/170 hp.
Unknown command.
Your plate armour prevents you from hitting the vault guard.
You headbutt the vault guard. You barely miss the deep elf mage.
The vault guard closely misses you.
You closely miss the vault guard.
You hit the stone giant but do no damage.
The vault guard hits you with a dire flail of crushing.
The ironbrand convoker points at the ironheart preserver and mumbles some strange words.
The ironheart preserver seems to grow stronger.
You take 2 damage, and have 94/170 hp.
You hit the vault guard but do no damage.
You slash the stone giant! You burn the stone giant. You hit the deep elf mage.
You burn the deep elf mage. You hit the ironbrand convoker.
You burn the ironbrand convoker.
The vault warden activates a sealing rune.
A door slams shut!
The stone giant hits you.
The ironbrand convoker hits you but does no damage.
You take 5 damage, and have 89/170 hp.
You slice the ironbrand convoker!! You burn the ironbrand convoker.
Your headbutt misses the ironbrand convoker.
You closely miss the deep elf mage. You hit the stone giant.
You burn the stone giant. You closely miss the vault guard.
The deep elf mage hits you but does no damage.
The vault guard hits you with a dire flail of crushing.
A deep elf mage comes into view.
It is wielding a long sword of distortion.
You take 4 damage, and have 85/170 hp.
You are too injured to fight recklessly!
Unknown command.
You are too injured to fight recklessly!
Unknown command.
You are too injured to fight recklessly!
Unknown command.
You are too injured to fight recklessly!
Unknown command.
Drink which item? (? for menu, Esc to quit)
Okay, then.
Your ogre goes berserk!
You feel somewhat more hungry. The stone giant hits you!
The ironbrand convoker closely misses you.
You furiously retaliate!
You headbutt the ironbrand convoker!
The vault guard hits you but does no damage.
You take 13 damage, and have 72/170 hp.
Your deep troll goes berserk!
You feel somewhat more hungry.
The stone giant hits you but does no damage.
The deep elf archer blinks!
The vault guard hits you with a dire flail of crushing!
An ironheart preserver opens the door.
You take 13 damage, and have 59/170 hp.
You closely miss the vault warden. You slash the stone giant!
You burn the stone giant. You slash the vault guard! You burn the vault guard.
You slash the stone giant! You burn the stone giant.
Your ogre hits the ironbrand convoker with a giant spiked club!!
The stone giant hits you!!
* * * LOW HITPOINT WARNING * * *
The ironbrand convoker hits your ogre with a dire flail!!
The vault warden hits you with a long sword of slicing!!
* * * LOW HITPOINT WARNING * * *
You die...

... ######## ....
#......# ..#..
#......# #######...##
#......# #...........
#.)))..# #...Op§.....
#...)..# #..TCpp.....
#..<...# #...@Ce..e..
#......# #((..pp.....
#......####+###'######
#......'..(......#
#......#.........#
########%†.......#
#†........#
#.........#
#.........#


You could see an ironheart preserver, 2 stone giants, a vault warden, a vault
guard, 2 ironbrand convokers, 2 deep elf magi, a friendly deep troll (berserk)
and a friendly ogre (berserk).

Vanquished Creatures
  Arachne (Spider:4)
  3 thorn hunters
  A fire giant (Vaults:3)
  4 ghost moths
  3 emperor scorpions
  Aizul (Swamp:1)
  6 vault wardens
  Maud (Lair:4)
  8 ironheart preservers
  A war gargoyle (Vaults:3)
  3 stone giants
  A very ugly thing (Swamp:2)
  A salamander stormcaller (Vaults:3)
  4 spark wasps
  Snorg (Lair:3)
  6 vault guards
  5 fire dragons
  3 ice dragons
  3 yaktaur captains
  3 entropy weavers (Spider:4)
  2 great orbs of eyes
  15 hydras
  Erica (Lair:2)
  2 dancing weapons (D:13)
  3 centaur warriors
  3 alligators
  7 ogre magi
  5 skeletal warriors (Vaults:1)
  2 unseen horrors
  7 swamp dragons
  5 deep trolls (Vaults:3)
  5 ironbrand convokers
  A giant orange brain (Vaults:1)
  2 orc knights (Vaults:1)
  3 wizards
  A phantasmal warrior (Vaults:3)
  6 hill giants
  6 lindwurms
  A necromancer (Lair:3)
  A wolf spider zombie (D:13)
  8 orb spiders
  An anubis guard (shapeshifter) (Vaults:1)
  2 orc sorcerers (Vaults:1)
  7 ugly things
  14 wolf spiders
  3 hornets
  A cyclops (Vaults:1)
  3 griffons
  2 moths of wrath
  10 elephants (Lair:6)
  A black mamba (Lair:8)
  3 vault sentinels
  2 gargoyles
  20 spiny frogs
  8 torpor snails
  15 yaktaurs
  2 rime drakes
  4 komodo dragons
  8 demonic crawlers
  An efreet (D:10)
  11 jumping spiders
  2 trolls
  11 giant leeches
  2 polar bears
  12 two-headed ogres
  4 blink frogs (Lair:4)
  3 bog bodies
  21 slime creatures
  4 boulder beetles
  3 shadows
  31 tarantellas
  55 redbacks
  A wraith (Vaults:1)
  2 wyverns
  28 yaks
  7 hippogriffs
  4 spriggans
  Eustachio (D:5)
  5 fire bats (Swamp:4)
  4 steam dragons
  4 basilisks
  A hungry ghost (D:6)
  15 vampire mosquitoes
  2 hell hounds (D:10)
  11 swamp worms
  6 mottled dragons
  14 water moccasins
  3 porcupines
  12 swamp drakes
  3 sky beasts
  A black bear (Lair:2)
  3 orc warriors (Vaults:1)
  14 wasps
  5 ice beasts
  A phantom (D:9)
  2 eyes of draining
  2 necrophages
  24 ogres
  10 centaurs
  The ghost of oplop the Chiller, an amateur OpIE (D:3)
  14 crocodiles
  A gnoll sergeant (D:8)
  19 giant frogs
  An elf simulacrum (Vaults:1)
  4 scorpions
  14 killer bees
  4 wights
  5 howler monkeys
  2 electric eels (Lair:3)
  A crimson imp (D:6)
  5 orc priests
  A jelly (D:9)
  5 hounds
  6 orc wizards
  2 giant frog skeletons
  Terence (D:3)
  11 iguanas
  6 worker ants
  10 sheep
  2 crocodile zombies (Lair:3)
  A hound zombie (D:8)
  A hound skeleton (D:6)
  2 howler monkey zombies
  A worker ant zombie (D:8)
  5 gnolls (D:8)
  10 adders
  91 river rats
  3 shadow imps
  3 white imps (Lair:6)
  2 adder zombies
  An adder skeleton (D:4)
  21 worms
  A dart slug (D:1)
  5 giant geckos
  22 orcs
  6 bats
  7 giant cockroaches
  5 goblins
  6 hobgoblins
  2 jackals (D:6)
  5 kobolds
  8 quokkas
  A giant cockroach zombie (D:4)
  A giant gecko zombie (D:4)
  A giant newt (D:6)
  A quokka skeleton (D:9)
  10 rats
  6 briar patches (Swamp:2)
  9 fungi
  5 plants
953 creatures vanquished.

Vanquished Creatures (collateral kills)
  An entropy weaver (Spider:4)
  6 orb spiders (Spider:4)
  3 wolf spiders (Spider:4)
  4 jumping spiders (Spider:4)
  2 tarantellas (Spider:4)
  A yak (Lair:8)
  8 redbacks (Spider:4)
  A hippogriff (Lair:8)
  A water moccasin (Lair:8)
27 creatures vanquished.

Vanquished Creatures (others)
  A hydra (Swamp:4)
  2 swamp dragons (Swamp:4)
  A spriggan (Swamp:4)
  2 swamp drakes (Swamp:4)
  An iguana (D:6)
  An adder (D:6)
  A bush (Lair:4)
  14 fungi
  27 plants
50 creatures vanquished.

Grand Total: 1030 creatures vanquished

Notes
Turn   | Place    | Note
--------------------------------------------------------------
     0 | D:1      | CcS the Minotaur Berserker began the quest for the Orb.
     0 | D:1      | Reached XP level 1. HP: 19/19 MP: 0/0
    48 | D:1      | Reached skill level 4 in Axes
    79 | D:1      | Reached XP level 2. HP: 22/27 MP: 1/1
   218 | D:1      | Reached skill level 4 in Fighting
   432 | D:1      | Reached ** piety under Trog
   776 | D:1      | Reached XP level 3. HP: 33/33 MP: 2/2
  1434 | D:2      | Reached skill level 5 in Axes
  1434 | D:2      | Reached XP level 4. HP: 41/41 MP: 3/3
  1469 | D:3      | Reached skill level 5 in Fighting
  1470 | D:3      | Noticed oplop's ghost (amateur OpIE)
  1481 | D:3      | Killed oplop's ghost
  1481 | D:3      | Reached XP level 5. HP: 47/50 MP: 4/4
  1482 | D:3      | Reached skill level 6 in Fighting
  1482 | D:3      | Reached skill level 6 in Axes
  1560 | D:3      | Noticed Terence
  1571 | D:3      | Killed Terence
  1580 | D:3      | Reached XP level 6. HP: 53/57 MP: 5/5
  2068 | D:4      | Found a white marble altar of Elyvilon.
  2090 | D:4      | Reached *** piety under Trog
  2259 | D:4      | Found a sacrificial altar of Ru.
  2339 | D:4      | Reached skill level 7 in Fighting
  2339 | D:4      | Reached skill level 7 in Axes
  2615 | D:4      | Found a stormy altar of Qazlal.
  2762 | D:5      | Entered Level 5 of the Dungeon
  2769 | D:5      | Found Yfurydgh's Antique Armour Shoppe.
  2782 | D:5      | Reached XP level 7. HP: 66/66 MP: 6/6
  2884 | D:5      | Noticed Eustachio
  2884 | D:5      | HP: 15/67 [centaur (6)]
  2889 | D:5      | HP: 24/100 [poisoned by an adder]
  2890 | D:5      | Reached skill level 8 in Fighting
  2890 | D:5      | Reached skill level 8 in Axes
  2902 | D:5      | HP: 17/68 [Eustachio/falchion (3)]
  2904 | D:5      | Found Geun Ci Voo's Book Shop.
  2922 | D:5      | Killed Eustachio
  3003 | D:5      | Reached XP level 8. HP: 59/75 MP: 7/7
  3027 | D:5      | Reached skill level 9 in Axes
  3032 | D:5      | Reached skill level 9 in Fighting
  3360 | D:5      | Found Vonimp's Magic Scroll Shop.
  3368 | D:5      | Bought a scroll of enchant armour for 82 gold pieces
  3368 | D:5      | Bought a scroll of teleportation for 33 gold pieces
  3368 | D:5      | Bought a scroll of blinking for 82 gold pieces
  3380 | D:5      | Noticed an angel
  3380 | D:5      | Found a shimmering altar of Xom.
  3382 | D:5      | Found a glowing silver altar of Zin.
  3387 | D:5      | Found Cuoch's Book Shoppe.
  3396 | D:5      | Found Nuofyih's Distillery.
  3597 | D:6      | Noticed a hill giant
  3609 | D:6      | Noticed a hill giant
  3610 | D:6      | Killed a hill giant
  3610 | D:6      | Reached skill level 10 in Fighting
  3610 | D:6      | Reached skill level 10 in Axes
  3619 | D:6      | Killed a hill giant
  3619 | D:6      | Reached XP level 9. HP: 75/86 MP: 8/8
  3619 | D:6      | Received a gift from Trog
  3635 | D:6      | Found an oddly glowing altar of Pakellas.
  3639 | D:6      | HP: 20/86 [ogre/giant club (20)]
  3640 | D:6      | Reached skill level 11 in Axes
  3724 | D:6      | Reached skill level 11 in Fighting
  3860 | D:6      | Reached **** piety under Trog
  3897 | D:6      | Found a shimmering altar of Xom.
  3921 | D:6      | HP: 19/88 [ice beast (9)]
  4308 | D:7      | Found Sumpol's General Store.
  4317 | D:7      | Found Vewkuw's Antique Weapon Emporium.
  4343 | D:8      | Noticed a gargoyle
  4355 | D:8      | Killed a gargoyle
  4355 | D:8      | Reached skill level 12 in Fighting
  4355 | D:8      | Reached skill level 12 in Axes
  4914 | D:8      | Reached XP level 10. HP: 67/96 MP: 9/9
  5648 | D:9      | Reached skill level 13 in Axes
  5709 | D:9      | HP: 23/98 [yak (8)]
  5711 | D:9      | Reached skill level 13 in Fighting
  5714 | D:9      | HP: 12/99 [yak (5)]
  5722 | D:9      | HP: 15/101 [yak (1)]
  5724 | D:9      | HP: 7/101 [yak (10)]
  5725 | D:9      | HP: 2/101 [yak (6)]
  5742 | D:9      | HP: 21/151 [yak (8)]
  6277 | D:10     | Entered Level 10 of the Dungeon
  6364 | D:10     | HP: 22/101 [something (4)]
  6371 | D:10     | HP: 16/101 [something (7)]
  6407 | D:10     | Killed an unseen horror
  6503 | D:10     | Found a staircase to the Lair.
  6568 | D:10     | HP: 25/102 [efreet/scimitar of flaming (6)]
  6573 | D:10     | HP: 15/153 [efreet/fireball (2)]
  6578 | D:10     | Reached skill level 14 in Axes
  6952 | D:10     | Noticed a gargoyle
  6961 | D:10     | Killed a gargoyle
  7080 | D:10     | Reached skill level 14 in Fighting
  7208 | D:10     | Reached XP level 11. HP: 108/110 MP: 10/10
  7437 | D:10     | Found a staircase to the Orcish Mines.
  7795 | Lair:1   | Entered Level 1 of the Lair of Beasts
  7963 | Lair:2   | Noticed Erica
  7975 | Lair:2   | Killed Erica
  8140 | Lair:3   | Noticed a five-headed hydra
  8153 | Lair:3   | Killed an eight-headed hydra
  8302 | Lair:3   | Noticed Snorg
  8314 | Lair:3   | Reached skill level 15 in Axes
  8315 | Lair:3   | Killed Snorg
  8315 | Lair:3   | Reached skill level 3 in Armour
  8515 | Lair:3   | Reached skill level 4 in Armour
  8712 | Lair:3   | Noticed a four-headed hydra
  8722 | Lair:3   | Killed a nine-headed hydra
  8722 | Lair:3   | Reached skill level 6 in Armour
  9003 | Lair:3   | Noticed a necromancer
  9009 | Lair:3   | Killed a necromancer
  9009 | Lair:3   | Reached skill level 7 in Armour
  9472 | Lair:4   | Reached skill level 8 in Armour
  9515 | Lair:4   | Noticed a griffon
  9528 | Lair:4   | Killed a griffon
  9528 | Lair:4   | Reached skill level 15 in Fighting
  9539 | Lair:4   | HP: 28/112 [poisoned by a water moccasin]
  9544 | Lair:4   | HP: 25/112 [poisoned by a water moccasin]
  9551 | Lair:4   | HP: 24/112 [poisoned by a water moccasin]
  9556 | Lair:4   | HP: 24/112 [poisoned by a water moccasin]
  9775 | Lair:4   | Reached XP level 12. HP: 63/119 MP: 11/11
 10317 | Lair:4   | Noticed a four-headed hydra
 10324 | Lair:4   | Killed an eight-headed hydra
 10362 | Lair:4   | Noticed Maud
 10391 | Lair:4   | Killed Maud
 10391 | Lair:4   | Reached skill level 9 in Armour
 10633 | Lair:5   | Noticed a six-headed hydra
 10647 | Lair:5   | Killed an 11-headed hydra
 10663 | Lair:5   | Reached ***** piety under Trog
 10759 | Lair:5   | Reached skill level 16 in Axes
 10819 | Lair:5   | Noticed a six-headed hydra
 11132 | Lair:5   | Killed an 11-headed hydra
 11276 | Lair:5   | Got a bloodstained arbalest
 11703 | Lair:5   | Found a glowing silver altar of Zin.
 12432 | Lair:6   | Reached skill level 10 in Armour
 12618 | Lair:6   | Found a hole to the Spider Nest.
 12748 | Lair:6   | Reached skill level 16 in Fighting
 12751 | Lair:6   | Reached skill level 17 in Axes
 12893 | Lair:6   | Received a gift from Trog
 12894 | Lair:6   | Noticed an ice dragon
 12909 | Lair:6   | Killed an ice dragon
 12909 | Lair:6   | Reached XP level 13. HP: 99/128 MP: 12/12
 12953 | Lair:6   | Found a staircase to the Swamp.
 13234 | Lair:7   | Found a staircase to the Slime Pits.
 13236 | Lair:7   | Found a viscous altar of Jiyva.
 13298 | Lair:8   | Entered Level 8 of the Lair of Beasts
 13483 | Lair:8   | Reached skill level 11 in Armour
 13701 | Lair:8   | Found a runed door.
 13705 | Lair:8   | Reached skill level 18 in Axes
 13733 | Lair:8   | Received a gift from Trog
 14497 | Lair:8   | Reached skill level 12 in Armour
 14511 | Lair:8   | Reached ****** piety under Trog
 14511 | Lair:8   | Received a gift from Trog
 14558 | Lair:8   | Noticed a fire dragon
 14568 | Lair:8   | Killed a fire dragon
 14644 | Lair:8   | Reached XP level 14. HP: 138/138 MP: 13/13
 14744 | Lair:8   | Reached skill level 17 in Fighting
 14867 | Spider:1 | Entered Level 1 of the Spider Nest
 14913 | Spider:1 | Reached skill level 19 in Axes
 15080 | Spider:2 | Noticed an emperor scorpion
 15091 | Spider:2 | Killed an emperor scorpion
 15366 | Spider:3 | Received a gift from Trog
 15398 | Spider:3 | HP: 35/140 [poisoned by a wolf spider]
 15765 | Spider:4 | Entered Level 4 of the Spider Nest
 15791 | Spider:3 | HP: 31/140 [poisoned by a redback]
 15965 | Spider:4 | HP: 31/140 [poisoned by a redback]
 15970 | Spider:4 | HP: 15/140 [poisoned by a redback]
 15975 | Spider:4 | HP: 11/140 [poisoned by a redback]
 15980 | Spider:4 | HP: 14/140 [poisoned by a redback]
 15985 | Spider:4 | HP: 19/140 [poisoned by a redback]
 15990 | Spider:4 | HP: 20/140 [poisoned by a redback]
 15996 | Spider:4 | HP: 23/140 [poisoned by a redback]
 16004 | Spider:4 | HP: 26/140 [poisoned by a redback]
 16290 | Spider:4 | Reached skill level 13 in Armour
 16534 | Spider:4 | Reached skill level 20 in Axes
 16557 | Spider:4 | Noticed Arachne
 16593 | Spider:4 | Killed Arachne
 16663 | Spider:4 | Killed a ghost moth
 16832 | Spider:4 | Noticed an emperor scorpion
 16842 | Spider:4 | HP: 19/141 [emperor scorpion (19)]
 16844 | Spider:4 | HP: 6/141 [poisoned by an emperor scorpion]
 16845 | Spider:4 | HP: 2/141 [poisoned by an emperor scorpion]
 16850 | Spider:4 | HP: 28/141 [poisoned by an emperor scorpion]
 16855 | Spider:3 | HP: 22/141 [poisoned by an emperor scorpion]
 16860 | Spider:3 | HP: 20/141 [poisoned by an emperor scorpion]
 16865 | Spider:3 | HP: 16/141 [poisoned by an emperor scorpion]
 16870 | Spider:3 | HP: 15/141 [poisoned by an emperor scorpion]
 16875 | Spider:3 | HP: 15/141 [poisoned by an emperor scorpion]
 16881 | Spider:3 | HP: 20/141 [poisoned by an emperor scorpion]
 16887 | Spider:3 | HP: 15/141 [poisoned by an emperor scorpion]
 16895 | Spider:3 | HP: 27/141 [poisoned by an emperor scorpion]
 17153 | Spider:3 | Killed a ghost moth
 17311 | Spider:3 | Reached XP level 15. HP: 132/149 MP: 14/14
 17372 | Spider:4 | Received a gift from Trog
 17374 | Spider:4 | HP: 54/223 [poisoned by an emperor scorpion]
 17379 | Spider:4 | HP: 33/223 [poisoned by an emperor scorpion]
 17384 | Spider:4 | HP: 13/149 [poisoned by an emperor scorpion]
 17387 | Spider:4 | HP: 6/149 [poisoned by an emperor scorpion]
 17392 | Spider:4 | HP: 5/149 [poisoned by an emperor scorpion]
 17397 | Spider:4 | HP: 10/149 [poisoned by an emperor scorpion]
 17402 | Spider:4 | HP: 19/149 [poisoned by an emperor scorpion]
 17408 | Spider:4 | HP: 30/149 [poisoned by an emperor scorpion]
 17691 | Spider:4 | Reached skill level 18 in Fighting
 17696 | Spider:4 | Killed a ghost moth
 18103 | Spider:4 | HP: 37/149 [poisoned by a redback]
 18108 | Spider:4 | HP: 33/149 [poisoned by a redback]
 18114 | Spider:4 | HP: 33/149 [poisoned by a redback]
 18120 | Spider:4 | HP: 34/149 [poisoned by a redback]
 18126 | Spider:4 | HP: 37/149 [poisoned by a redback]
 18444 | Spider:4 | Reached skill level 14 in Armour
 18455 | Spider:4 | Killed a ghost moth
 18455 | Spider:4 | Reached skill level 21 in Axes
 19124 | Spider:4 | Got a gossamer rune of Zot
 19170 | Spider:4 | HP: 36/150 [poisoned by an emperor scorpion]
 19175 | Spider:4 | HP: 30/150 [poisoned by an emperor scorpion]
 19180 | Spider:4 | HP: 27/150 [poisoned by an emperor scorpion]
 19185 | Spider:4 | HP: 27/150 [poisoned by an emperor scorpion]
 19191 | Spider:4 | HP: 27/150 [poisoned by an emperor scorpion]
 19197 | Spider:4 | HP: 29/150 [poisoned by an emperor scorpion]
 19204 | Spider:4 | HP: 32/150 [poisoned by an emperor scorpion]
 19212 | Spider:4 | HP: 36/150 [poisoned by an emperor scorpion]
 19560 | Swamp:1  | Entered Level 1 of the Swamp
 19596 | Swamp:1  | Noticed a thorn hunter
 19603 | Swamp:1  | Killed a thorn hunter
 19606 | Swamp:2  | Noticed a thorn hunter
 19615 | Swamp:2  | Killed a thorn hunter
 19892 | Swamp:4  | Entered Level 4 of the Swamp
 19943 | Swamp:3  | HP: 36/150 [poisoned by a swamp dragon (poison gas)]
 19948 | Swamp:3  | HP: 24/150 [poisoned by a swamp dragon (poison gas)]
 19953 | Swamp:3  | HP: 17/150 [poisoned by a swamp dragon (poison gas)]
 19958 | Swamp:3  | HP: 14/150 [poisoned by a swamp dragon (poison gas)]
 19963 | Swamp:3  | HP: 13/150 [poisoned by a swamp dragon (poison gas)]
 19968 | Swamp:3  | HP: 13/150 [poisoned by a swamp dragon (poison gas)]
 19974 | Swamp:3  | HP: 14/150 [poisoned by a swamp dragon (poison gas)]
 19980 | Swamp:3  | HP: 17/150 [poisoned by a swamp dragon (poison gas)]
 19988 | Swamp:3  | HP: 21/150 [poisoned by a swamp dragon (poison gas)]
 20288 | Swamp:4  | Reached skill level 22 in Axes
 20400 | Swamp:4  | Reached XP level 16. HP: 159/159 MP: 15/15
 20414 | Swamp:3  | HP: 39/159 [poison (poison gas)]
 20419 | Swamp:3  | HP: 31/159 [poison (poison gas)]
 20424 | Swamp:3  | HP: 29/159 [poison (poison gas)]
 20429 | Swamp:3  | HP: 30/159 [poison (poison gas)]
 20435 | Swamp:3  | HP: 31/159 [poison (poison gas)]
 20443 | Swamp:3  | HP: 35/159 [poison (poison gas)]
 20451 | Swamp:3  | HP: 39/159 [poison (poison gas)]
 20668 | Swamp:4  | Reached skill level 15 in Armour
 20694 | Swamp:4  | Received a gift from Trog
 20987 | Swamp:4  | Noticed a thorn hunter
 20997 | Swamp:4  | Killed a thorn hunter
 21106 | Swamp:4  | Reached skill level 19 in Fighting
 21434 | Swamp:4  | Got a decaying rune of Zot
 21602 | Swamp:1  | Noticed Aizul
 21615 | Swamp:1  | Killed Aizul
 22109 | D:12     | Found Tamac's Armour Shop.
 22426 | D:13     | Found a gate to the Vaults.
 22543 | Vaults:1 | Entered Level 1 of the Vaults
 22738 | Vaults:1 | Received a gift from Trog
 22750 | Vaults:1 | Reached skill level 23 in Axes
 22757 | Vaults:1 | Reached skill level 16 in Armour
 23087 | Vaults:1 | Reached XP level 17. HP: 98/168 MP: 16/16
 23315 | Vaults:1 | Received a gift from Trog
 23990 | Vaults:2 | Received a gift from Trog
 24128 | Vaults:2 | Reached skill level 20 in Fighting
 24153 | Vaults:3 | Reached skill level 3 in Dodging
 24159 | Vaults:3 | Reached skill level 24 in Axes
 24344 | Vaults:3 | Found a staircase to the Crypt.
 24344 | Vaults:3 | Found a basalt altar of Yredelemnul.
 24345 | Vaults:3 | Found an ancient bone altar of Kikubaaqudgha.
 24393 | Vaults:3 | Reached skill level 4 in Dodging
 24419 | Vaults:3 | Reached skill level 17 in Armour
 24623 | Vaults:4 | HP: 35/170 [stone giant (25)]
 24623 | Vaults:4 | HP: 8/170 [vault warden/long sword of slicing (27)]
 24623 | Vaults:4 | Slain by a vault warden

Skill      XL: |  1  2  3  4  5  6  7  8  9 10 11 12 13 14 15 16 17 |
---------------+----------------------------------------------------+-----
Axes           | 4 5 6 7 8 10 12 14 15 17 18 20 22 23 24 | 24.3
Fighting       | 4 5 6 7 8 10 12 14 15 16 17 18 19 20 | 20.2
Armour         | 8 10 12 13 14 16 17 | 17.1
Dodging        | 4 |  4.9

Action                   |  1- 3 |  4- 6 |  7- 9 | 10-12 | 13-15 | 16-18 || total
-------------------------+-------+-------+-------+-------+-------+-------++-------
Melee: Hand axe          |    77 |    93 |   203 |   492 |       |       ||   865
       Headbutt          |    16 |    19 |    54 |   188 |   219 |   162 ||   658
       Battleaxe         |       |       |       |   178 |       |       ||   178
       Executioner's axe |       |       |       |       |   860 |   641 ||  1501
Invok: Berserk           |       |     1 |     5 |    27 |    28 |    15 ||    76
       Trog's Hand       |       |       |     5 |     9 |    16 |     2 ||    32
       Brothers in Arms  |       |       |       |     1 |     8 |     2 ||    11
       Burn Spellbooks   |       |       |       |     1 |     3 |     1 ||     5
Evoke: Wand              |       |       |       |     1 |       |       ||     1
       Phial of floods   |       |       |       |     1 |       |       ||     1
  Use: Scroll            |       |       |     1 |    14 |    20 |     4 ||    39
       Potion            |       |       |       |     5 |    10 |       ||    15
 Stab: Invisible         |       |       |       |       |     1 |       ||     1
       Distracted        |       |       |       |       |       |     1 ||     1
  Eat: Chunk             |     1 |     5 |    10 |    19 |    28 |    10 ||    73
       Beef jerky        |       |       |     1 |     1 |     3 |       ||     5
       Bread ration      |       |       |     2 |     5 |       |     2 ||     9
       Fruit             |       |       |     1 |     3 |     3 |     8 ||    15
       Meat ration       |       |       |       |     2 |     4 |     1 ||     7
       Royal jelly       |       |       |       |       |     2 |       ||     2
Armor: Animal skin       |     4 |       |       |       |       |       ||     4
       Ring mail         |    19 |     6 |       |       |       |       ||    25
       Scale mail        |       |    48 |   124 |    23 |       |       ||   195
       Plate armour      |       |       |       |   457 |  1068 |   505 ||  2030
       Skin              |       |       |       |     3 |    17 |       ||    20
Dodge: Dodged            |    50 |    38 |   115 |   234 |   473 |   274 ||  1184

Vault maps used:
D:1:      shiori_arrival_whats_in_store_for_you
D:3:      first_bread, kennysheep_boxes, uniq_terence
D:4:      nicolae_ru_the_path_less_chosen, nicolae_overflow_hidden_temple,
          serial_undead, serial_undead_b, serial_undead_c, serial_undead_b,
          serial_undead_c, elyvilon_altar_4
D:5:      grunt_temple_overflow_order_and_chaos_1, serial_shops, shop_fountains,
          kennysheep_mini, shop, nicolae_shop_statue_plus, shop, uniq_eustachio
D:6:      nicolae_overflow_crystal_walls, led_sif_pool,
          minmay_temple_entry_mist, xom_confusion_cloud
D:7:      kennysheep_ying_yang, lemuel_round_altar, okawaru_ov_weapons_minmay,
          serial_shops, shop, shop, shop, grunt_ogre_cave, glass_columns_a
D:8:      kennysheep_windowed_halls
D:9:      minmay_bad_closet
D:10:     minmay_lair_entry_lava, orc_0_dummy
D:11:     uniq_sonja
D:12:     serial_shops, nicolae_shop_trees, laboratory
D:13:     minmay_separated_statues, erik_vaults_1, nicolae_tso_carved_into_rock
Lair:1:   portal_ice_cave_entry_ice_beasts, grunt_megastairs_3,
          infiniplex_staircase_pool_2
Lair:2:   lemuel_another_geyser, uniq_erica
Lair:3:   pond_and_an_island_with_a_cottage, serial_bayou_pond_d,
          infiniplex_staircase_pool, uniq_snorg
Lair:4:   serial_forest, infiniplex_forest_fountain,
          infiniplex_forest_straight_1, infiniplex_forest_zigzag_2,
          infiniplex_forest_zigzag_1, infiniplex_forest_clump_curved,
          infiniplex_forest_lined_1, infiniplex_forest_lined_1,
          infiniplex_forest_zigzag_1, infiniplex_forest_side_room, bh_chokoban,
          uniq_maud
Lair:5:   basic_altar, serial_bayou, serial_bayou_pond_c, serial_bayou_pond_c,
          serial_bayou_pond_e, serial_bayou_shore_a
Lair:6:   minmay_swamp_entry_worms, spider_nest_entry_web_field,
          bobbens_ice_dragon_lair
Lair:7:   slime_altar_1
Lair:8:   guppyfry_lair_end_dragon, wormcave, lemuel_fruit_tree,
          grunt_megastairs_2
Swamp:1:  evilmike_swamp_ruin_rubble_1, uniq_aizul
Swamp:2:  nicolae_swamp_trees_clearing
Swamp:3:  evilmike_swamp_ruin_rubble_2, swamp_pool5
Swamp:4:  swamp_fiery, swamp_pool2
Spider:1: nicolae_spider_webbed_stairs
Spider:3: spider_trap, nicolae_spider_webs_and_nodes, nicolae_spider_cling_ruins
Spider:4: johnstein_spider_rune_arachne_lair, uniq_arachne
Vaults:1: v_misc_17, grunt_vaults_hallway_short, ontoclasm_vaults_pinch,
          nicolae_vaults_windows_and_doors_thing, vaults_room_corners,
          serial_ice_h, nicolae_vaults_border_crossing,
          ontoclasm_vaults_misaligned, vaults_mumra_minichess,
          hangedman_vaults_restitches, grunt_vaults_twisty, v_alt_pattern_3,
          v_misc_16
Vaults:2: nicolae_vaults_big_angled_halls, vaults_dpeg_doors,
          nicolae_vaults_triangles, v_misc_9, v_misc_10, v_alt_pattern_5,
          v_pattern_5, dpeg_vaults_monster_box, ontoclasm_vaults_misaligned,
          vaults_dpeg_spiral, uniq_boris, uniq_norris
Vaults:3: st_cross, v_alt_pattern_2, ontoclasm_vaults_loading_screen,
          grunt_vaults_funnel, v_misc_11, v_rooms_4,
          minmay_crypt_entry_necro_gods, nicolae_vaults_little_squares_6,
          hangedman_vaults_restitches
Vaults:4: nicolae_vaults_an_arrangement, hangedman_vaults_stretched_pinwheel,
          hangedman_vaults_unwind, v_misc_26, v_misc_30,
          nicolae_vaults_shelves_hall, serial_ice_h, v_misc_31,
          vaults_mumra_minichess_inversion, ontoclasm_vaults_claustrophobia,
          v_rooms_4

Table legend:
 A = Turns spent in this place as a percentage of turns spent in the entire game.
 B = Non-inter-level travel turns spent in this place as a percentage of non-inter-level travel turns spent in the entire game.
 C = Inter-level travel turns spent in this place as a percentage of turns spent in this place.
 D = Turns resting spent in this place as a percentage of non-inter-level travel turns spent in this place.
 E = Turns spent auto-exploring this place as a percentage of non-inter-level travel turns spent in this place.
 F = Non-inter-level travel turns spent in this place divided by the number of levels of this place that you've seen.
                   A       B       C       D       E      F
               +-------+-------+-------+-------+-------+----------------------
         Total | 100.0 | 100.0 |   0.5 |   5.6 |   6.6 | 301.9
       Dungeon |  29.9 |  29.9 |   0.6 |   3.3 |   9.7 | 229.0
          Lair |  28.5 |  28.5 |   0.5 |   6.1 |   6.4 | 354.8
         Swamp |  11.1 |  11.1 |   0.9 |   7.3 |   3.0 | 275.2
   Spider Nest |  19.4 |  19.4 |   0.3 |   8.8 |   2.8 | 484.0
        Vaults |  11.1 |  11.1 |   0.3 |   2.9 |   9.0 | 277.5
               +-------+-------+-------+-------+-------+----------------------

Table legend:
 A = Kills in this place as a percentage of kills in entire the game.
 B = Kills by you in this place as a percentage of kills by you in the entire game.
 C = Kills by friends in this place as a percentage of kills by friends in the entire game.
 D = Other kills in this place as a percentage of other kills in the entire game.
 E = Experience gained in this place as a percentage of experience gained in the entire game.
 F = Experience gained in this place divided by the number of levels of this place that you have seen.
                   A       B       C       D       E      F
               +-------+-------+-------+-------+-------+----------------------
         Total | 100.0 | 100.0 | 100.0 |  -nan | 100.0 | 8477.2
       Dungeon |  23.4 |  24.1 |   0.0 |  -nan |   6.4 | 1382.7
          Lair |  31.5 |  32.0 |  11.1 |  -nan |  20.2 | 7066.1
         Swamp |  11.2 |  11.6 |   0.0 |  -nan |  15.8 | 11018.8
   Spider Nest |  17.6 |  15.5 |  88.9 |  -nan |  23.6 | 16526.0
        Vaults |  16.2 |  16.7 |   0.0 |  -nan |  34.0 | 23766.2
               +-------+-------+-------+-------+-------+----------------------
